 Dungeon Crawl Stone Soup version 0.21.1-1-g345015f (webtiles) character file.

275 microfolk the Changer (level 6, -5/51 HPs)
             Began as a Draconian Transmuter on Apr 21, 2018.
             Shot with an arrow by a centaur (14 damage)
             ... on level 3 of the Dungeon.
             The game lasted 00:10:46 (3853 turns).

microfolk the Changer (Draconian Transmuter)        Turns: 3853, Time: 00:10:47

Health: -5/51      AC:  6    Str: 12    XL:     6   Next: 3%
Magic:  6/11       EV: 12    Int: 16    God:
Gold:   183        SH:  0    Dex: 11    Spells: 1/11 levels left

rFire    . . .     SeeInvis .     - Unarmed
rCold    . . .     Gourm    .   (no shield)
rNeg     . . .     Faith    .   (armour unavailable)
rPois    .         Spirit   .   (helmet restricted)
rElec    .         Reflect  .   (no cloak)
rCorr    .         Harm     .   (no gloves)
MR       .....                  (no boots)
Stlth    +.........             (no amulet)
HPRegen  0.17/turn              (no ring)
MPRegen  0.12/turn              (no ring)

@: lethally poisoned (-5 -> -7)
A: unfitting armour, cold-blooded, AC +6
a: no special abilities


You were on level 3 of the Dungeon.
You were not hungry.

You visited 1 branch of the dungeon, and saw 4 of its levels.

You collected 183 gold pieces.

Inventory:

Missiles
 a - 33 arrows
 k - 60 stones (quivered)
Jewellery
 j - an uncursed ring of ice {unknown}
Wands
 p - a wand of flame (16)
Scrolls
 d - a scroll of random uselessness {unknown}
 e - a scroll of noise {unknown}
 h - 2 scrolls of teleportation
 l - a scroll of enchant weapon
 m - a scroll of enchant armour {unknown}
 n - a scroll of amnesia {unknown}
Potions
 f - a potion of ambrosia
 g - a potion of magic
 i - a potion of resistance
 o - a potion of curing
Books
 b - a book of Changes

   Spells                             Type                      Level
   a - Beastly Appendage              Transmutation                1
   b - Sticks to Snakes               Transmutation                2
   c - Spider Form                    Transmutation/Poison         3
   d - Ice Form                       Ice/Transmutation            4
   e - Blade Hands                    Transmutation                5
 r - a book of Misfortune

   Spells                             Type                      Level
   a - Confusing Touch                Hexes                        1
   b - Confuse                        Hexes                        3
   c - Gell's Gravitas                Translocation                3
   d - Petrify                        Transmutation/Earth          4
   e - Metabolic Englaciation         Hexes/Ice                    5
   f - Yara's Violent Unravelling     Hexes/Transmutation          5
Comestibles
 c - 8 rations


   Skills:
 + Level 3.3 Fighting
 - Level 1.7 Dodging
 - Level 3.0 Unarmed Combat
 + Level 3.3 Spellcasting
 * Level 4.7 Transmutations


You had one spell level left.
You knew the following spells:

 Your Spells              Type           Power        Failure   Level  Hunger
a - Beastly Appendage     Tmut           ###...       2%          1    None
b - Sticks to Snakes      Tmut           ###.....     3%          2    ##.....
c - Spider Form           Tmut/Pois      ##........   21%         3    ###....
d - Ice Form              Ice/Tmut       ##......     56%         4    ####...


Dungeon Overview and Level Annotations

Branches:
Dungeon (4/15)
 Temple: D:4-7

Altars:
Dithmenos
The Shining One


Innate Abilities, Weirdness & Mutations

Your plain brown scales are hard. (AC +6)
You cannot fit into any form of body armour.
You are cold-blooded and may be slowed by cold attacks.


Message History

You see here an arrow.
Casting: Sticks to Snakes
Confirm with . or Enter, or press ? or * to list all spells.
You create a snake!
You now have 34 arrows.
The centaur barely misses you.
The adder barely misses your ball python.
Your ball python barely misses the centaur.
The centaur completely misses you.
The adder barely misses your ball python.
The centaur unwields an uncursed dagger of protection.
The centaur wields an uncursed shortbow.
The centaur shoots an arrow.
The arrow hits you!
* * * LOW HITPOINT WARNING * * *
Your ball python bites the centaur but does no damage.
The adder barely misses your ball python.
You see here an arrow.
Casting: Sticks to Snakes
Confirm with . or Enter, or press ? or * to list all spells.
You create a snake!
You now have 33 arrows.
You feel sick.
The centaur shoots an arrow.
The arrow hits you!
You die...

♣.♣♣ #.....≈≈≈..#
#.# ♣♣.♣♣
###...≈≈≈..# #.#
♣♣.♣ #...≈≈≈..#
#.# ♣.♣ #...≈≈≈..#
#.# ♣.♣ ##...=...#
#.# ♣.♣ ##.....##
#.# ♣.♣ #######
#.# ♣.♣♣
############ #.#
♣♣.♣♣
#.S(@.S....#####.#
♣♣.♣
#Sc#######.......#
♣.♣♣ #>S...#
#######.# ♣.♣♣
##.##># #.# ♣..♣
..# # ##.# ♣♣.♣
..? #..# ♣♣♣ ♣.♣
#..# ##..##
♣♣♣.♣♣♣♣.♣ ##.#
#..#.# ♣....♣...♣
#.# #...##


You could see a centaur, an adder and 2 friendly ball pythons.

Vanquished Creatures
  A hound (D:3)
  2 orc wizards
  Jessica (D:3)
  4 adders
  An ooze (D:3)
  3 worms
  2 dart slugs (D:1)
  13 orcs
  5 bats
  2 giant cockroaches
  4 goblins
  4 hobgoblins
  8 jackals
  6 kobolds
  3 quokkas
  4 frilled lizards
  9 rats
72 creatures vanquished.

Vanquished Creatures (collateral kills)
  A hound (D:4)
  An adder (D:2)
  2 orcs
  A rat (D:3)
5 creatures vanquished.

Grand Total: 77 creatures vanquished

Notes
Turn   | Place    | Note
-------+----------+-------------------------------------------
     0 | D:1      | microfolk the Draconian Transmuter began the quest for the Orb.
     0 | D:1      | Reached XP level 1. HP: 16/16 MP: 3/3
    66 | D:1      | Reached XP level 2. HP: 16/23 MP: 5/5
    75 | D:1      | Learned a level 2 spell: Sticks to Snakes
   755 | D:2      | You fall through a shaft for 2 floors!
   844 | D:4      | Reached skill level 3 in Transmutations
   844 | D:4      | Reached XP level 3. HP: 18/29 MP: 4/6
   849 | D:4      | Learned a level 3 spell: Spider Form
   995 | D:4      | Reached XP level 4. HP: 29/37 MP: 4/8
  1930 | D:3      | Noticed a centaur
  1944 | D:2      | Reached skill level 4 in Transmutations
  1944 | D:2      | Reached XP level 5. HP: 19/42 MP: 5/9
  2359 | D:2      | Learned a level 4 spell: Ice Form
  2994 | D:3      | Found a glowing golden altar of the Shining One.
  3342 | D:3      | Noticed Jessica
  3352 | D:3      | Killed Jessica
  3477 | D:3      | HP: 2/45 [something/puff of flame (11)]
  3514 | D:3      | Reached XP level 6. HP: 28/51 MP: 10/10
  3685 | D:3      | Found a shadowy altar of Dithmenos.
  3853 | D:3      | Shot with an arrow by a centaur

Skill      XL: |  1  2  3  4  5 |
---------------+----------------+-----
Fighting       | 2 3 |  3.3
Transmutations | 3 4 |  4.7
Spellcasting   | 3 |  3.3
Dodging        | |  1.7
Unarmed Combat | |  3.0

Action                   |  1- 3 |  4- 6 || total
-------------------------+-------+-------++-------
Melee: Unarmed           |    89 |   286 ||   375
       Tailslap          |    12 |    24 ||    36
       Headbutt          |     3 |     9 ||    12
       Kick              |     4 |    13 ||    17
       Punch             |       |     3 ||     3
 Cast: Beastly Appendage |    12 |    16 ||    28
       Sticks to Snakes  |     2 |    11 ||    13
  Use: Scroll            |     2 |     6 ||     8
       Potion            |       |     2 ||     2
  Eat: Chunk             |     1 |    10 ||    11
Armor: Skin              |    29 |    84 ||   113
Dodge: Dodged            |    62 |   202 ||   264
